Map: [ESL] Gresvan

Players

PiG - Winner!

  • Race: Zerg Zerg
  • League: Master
  • Spawn Location: 5:00

Ultraman

  • Race: Zerg Zerg
  • League: Diamond
  • Spawn Location: 11:00

VOD

https://www.youtube.com/watch?v=XlCGB3D8uqA

Description

Time

  • Played on: April 18, 2023, 6:49 p.m.
  • Length: 11:42
Show
View Real Time Build Order
Export as new Build Order

PiG Zerg - Winner!

Build Orders: Hatch First 

Get SALT Encoding   

  12  0:01  Drone  
  13  0:12  Overlord  
  13  0:17  Drone  
  14  0:30  Drone x2  
  16  0:39  Drone  
  17  0:53  Hatchery  
  17  0:56  Drone  
  17  0:58  Drone  
  18  1:12  Spawning Pool  
  18  1:15  Drone  
  18  1:23  Drone  
  19  1:38  Overlord  
  19  1:42  Drone  
  20  1:54  Drone  
  21  2:04  Queen  
  21  2:05  Queen  
  21  2:08  Zergling x4  
  27  2:12  Drone  
  28  2:18  Drone  
  29  2:26  Overlord  
  29  2:29  Drone  
  30  2:35  Drone  
  31  2:40  Queen  
  31  2:44  Drone x2  
  35  2:48  Drone  
  35  2:49  Extractor x2  
  34  2:54  Spine Crawler  
  32  3:01  Drone x2  
  33  3:15  Drone x8  
  41  3:21  Overlord  
  41  3:34  Evolution Chamber x2, Roach Warren  
  38  3:46  Evolution Chamber  
  38  3:47  Overlord  
  37  3:49  Drone x7  
  37  3:50  Drone x2  
  46  3:57  Spine Crawler  
  43  4:04  Overlord  
  43  4:05  Drone x2  
  45  4:13  Queen  
  45  4:15  Queen  
  50  4:17  Evolution Chamber  
  50  4:23  Roach x4  
  57  4:28  Roach x2  
  61  4:32  Roach Warren  
  58  4:52  Lair  
  58  4:53  Extractor  
  58  4:57  Drone x3  
  60  5:03  Overlord x4  
  60  5:04  Overlord  
  60  5:08  Zerg Missile Weapons Level 1  
  60  5:27  Roach x9  
  78  5:29  Overlord  
  78  5:40  Roach x2  
  82  5:52  Glial Reconstitution  
  82  6:00  Roach x5, Hatchery  
  91  6:13  Overseer  
  91  6:16  Overlord x2  
  91  6:17  Roach x4  
  99  6:36  Roach x6  
  99  6:37  Roach x2  
  115  6:51  Roach  
  115  6:52  Roach  
  115  7:08  Roach x8  
  120  7:29  Roach x6  
  122  7:36  Roach x2  
  106  8:03  Roach x7  
  92  8:21  Drone x7  
  83  8:34  Spore Crawler  
  83  9:17  Drone x14  
  83  9:29  Spore Crawler  
  83  9:31  Spore Crawler  
  83  9:33  Spore Crawler  
  83  9:38  Queen x2  
  83  9:39  Queen  
  83  10:03  Drone x15  
  83  10:09  Hydralisk Den  
  83  10:25  Extractor x2  
  83  10:35  Extractor, Drone x3  
  83  10:36  Drone  
  83  10:43  Drone  
  83  10:45  Drone  
  83  10:50  Roach x10  
  83  11:11  Spore Crawler  
  83  11:13  Spore Crawler  
  83  11:18  Hatchery  
  83  11:30  Lurker Den, Infestation Pit  
Show
View Real Time Build Order
Export as new Build Order

Ultraman Zerg 

Build Orders: Hatch First 

Get SALT Encoding   

  12  0:00  Drone  
  13  0:13  Overlord  
  13  0:18  Drone  
  14  0:33  Drone x2  
  16  0:50  Hatchery  
  16  0:54  Drone  
  16  0:57  Drone  
  17  1:00  Drone  
  18  1:11  Extractor  
  18  1:17  Spawning Pool  
  16  1:20  Drone  
  16  1:22  Drone  
  18  1:32  Drone  
  19  2:03  Queen  
  19  2:04  Queen  
  19  2:05  Drone x2  
  19  2:07  Overlord  
  25  2:10  Zergling x2  
  25  2:13  Zergling x2  
  25  2:15  Metabolic Boost  
  27  2:23  Drone  
  27  2:26  Drone  
  27  2:28  Drone  
  30  2:38  Drone  
  31  2:45  Drone  
  32  2:52  Hatchery  
  30  3:02  Overlord  
  30  3:03  Baneling Nest  
  30  3:04  Overlord  
  29  3:10  Zergling x4  
  31  3:18  Zergling x6  
  35  3:20  Zergling x2  
  35  3:23  Zergling x2  
  36  3:28  Zergling x4  
  36  3:29  Zergling x2  
  36  3:33  Zergling x2  
  40  3:40  Zergling x4  
  42  3:51  Zergling x2  
  42  3:52  Zergling x4  
  43  3:57  Zergling x10  
  44  4:10  Lair  
  42  4:24  Drone x2, Zergling x4  
  42  4:25  Drone, Zergling x2  
  43  4:40  Drone  
  43  4:41  Drone x2  
  43  4:42  Drone  
  43  4:45  Extractor  
  46  4:46  Drone x3  
  46  4:47  Drone  
  50  4:54  Evolution Chamber  
  50  4:55  Evolution Chamber  
  50  4:59  Drone x2, Zergling x2  
  53  5:00  Drone, Zergling x2  
  52  5:17  Drone  
  52  5:18  Drone x2  
  52  5:19  Drone x2, Overlord  
  52  5:20  Overlord  
  57  5:28  Spire  
  57  5:31  Overseer  
  56  5:43  Extractor  
  56  5:44  Overlord  
  56  5:45  Overlord  
  56  5:46  Overlord  
  56  5:48  Extractor  
  54  5:50  Spine Crawler  
  54  5:52  Spine Crawler  
  54  5:53  Queen  
  52  6:05  Spine Crawler x2  
  50  6:12  Drone x3  
  50  6:13  Drone x2  
  50  6:14  Drone  
  56  6:22  Drone x4  
  60  6:42  Mutalisk x5  
  60  6:43  Mutalisk  
  72  6:53  Mutalisk  
  69  7:05  Mutalisk  
  67  7:11  Mutalisk  
  67  7:17  Mutalisk  
  67  7:18  Drone x2, Zergling x4  
  67  7:19  Drone x3, Zergling x4  
  78  7:26  Drone x3, Zergling x4  
  70  7:30  Mutalisk  
  61  7:38  Mutalisk  
  61  7:39  Drone x2, Zergling x2  
  48  7:53  Zergling x2  
  48  7:54  Zergling x4  
Tags
 
Add a new tag
Caveats
  • Supply blocks, unpowered buildings, or Contaminate may cause inaccurate times.
  • Supply counts are checked every 10 seconds.